 Dungeon Crawl Stone Soup version bcrawl-1.34.5 (webtiles) character file.

Game seed: 5041934808946667862

115580 GrayestHorse the Ducker (level 4, -3/36 HPs)
             Began as a Centaur Archaeologist on Dec 7, 2021.
             Slain by a bullfrog skeleton (8 damage)
             ... on level 3 of the Dungeon.
             The game lasted 00:14:15 (2398 turns).

GrayestHorse the Ducker (Centaur Archaeologist)     Turns: 2398, Time: 00:14:16

Health: -3/36      AC:  6    Str: 16    XL:     4   Next: 40%
Magic:  4/4        EV: 10    Int: 14    God:
Gold:   133        SH:  0    Dex:  8    Spells: 3/3 levels left

rFire    . . .     SeeInvis .   a - +0 whip
rCold    . . .     Gourm    .   (no shield)
rNeg     . . .     Faith    .   c - +1 robe
rPois    .         Spirit   .   d - +1 hat
rElec    .         Reflect  .   (no cloak)
rCorr    .         Harm     .   (no gloves)
MR       .....                  (no barding)
Stlth    +.........             (no amulet)
HPRegen  0.12/turn              y - ring of wizardry
MPRegen  0.09/turn              (no ring)

@: very quick
A: large, hooves 3, deformed body, herbivore, speed 2, tough skin 3
a: no special abilities


You were on level 3 of the Dungeon.
You were hungry.

You visited 1 branch of the dungeon, and saw 3 of its levels.

You collected 133 gold pieces.

Inventory:

Hand Weapons
 a - a +0 whip (weapon)
 b - a +0 blowgun
Missiles
 f - 2 curare-tipped needles
 j - 300 poisoned needles
Armour
 c - a +1 robe (worn)
 d - a +1 hat (worn)
 l - a cursed +0 ring mail
 o - a +1 robe
 p - a +0 ring mail
 t - a +0 hat
 v - a +0 ring mail
 w - a +0 leather armour
 x - a +0 leather armour
Jewellery
 y - a ring of wizardry (left hand)
Scrolls
 g - 2 scrolls of magic mapping
 k - 3 scrolls of teleportation
 s - 3 scrolls of remove curse
Potions
 n - 2 potions of mutation {unknown}
 q - 2 potions of ambrosia {unknown}
 r - 2 potions of agility {unknown}
Miscellaneous
 h - a dusty tome
Comestibles
 e - 7 rations {!d}


   Skills:
 + Level 2.0 Fighting
 + Level 2.2 Maces & Flails
 + Level 3.1 Dodging
 + Level 2.4 Stealth


You had 3 spell levels left.
You didn't know any spells.
Your spell library was empty.

Dungeon Overview and Level Annotations

Branches:
Dungeon (3/12)

Altars:

Annotations:
D:3 Sigmund


Innate Abilities, Weirdness & Mutations

You have hooves in place of feet.
Armour fits poorly on your strangely shaped body.
You are a herbivore.
You cover ground very quickly.
You have extremely tough skin. (AC +3)


Message History

You see here an adder corpse.
Sigmund casts a spell.
Sigmund flickers and vanishes!
Deactivating autopickup; reactivate with Ctrl-A.
There is an escape hatch in the floor here.
You open the door.
There is an open door here.
There is an open door here.
There is an open door here.
Press: ? - help, v - describe, . - travel
There is a rock wall here.
Sigmund casts a spell at you. The puff of flame hits you!
The bullfrog skeleton hits you!
* * * LOW HITPOINT WARNING * * *
There is a stone staircase leading up here.
Unknown command.
Unknown command.
The bullfrog skeleton hits you!
You die...

............................>..#
........................g..#.###
######.##.###.......#####.K#.###.
...#.##...........# #.g......
.#.#....<.#.......#####.##.###.
##.#.......#...#####....#..#.#
...#..........#....#....##.#.#
.####..(...#....##.#.....#...#
......####<....Z@#.#...>.##..####
......# #.....#.#'###'#.##......
......# ###........##.#.###.....
.Z....# #.#.##...##.#.........
.K....# #...##....@.#......#..
......# ######....###......#.#
.###### #### ###....####.....#.#
.# ..... #....#....#.......# .#
..... #.######.##...#..##


You could see a bullfrog skeleton.

Vanquished Creatures
  3 adders (D:3)
  A howler monkey skeleton (D:3)
  An ooze (D:2)
  A worm (D:1)
  3 leopard geckos
  3 giant cockroaches (D:1)
  9 goblins
  6 hobgoblins
  4 jackals (D:2)
  A quokka (D:2)
  5 bats
  2 frilled lizards
  5 kobolds
  4 rats
48 creatures vanquished.

Notes
Turn   | Place    | Note
-------+----------+-------------------------------------------
     0 | D:1      | GrayestHorse the Centaur Archaeologist began the quest for
                  | the Orb.
     0 | D:1      | Reached XP level 1. HP: 16/16 MP: 1/1
   302 | D:1      | Reached XP level 2. HP: 23/23 MP: 2/2
   634 | D:2      | Reached XP level 3. HP: 23/28 MP: 3/3
  1256 | D:3      | Reached XP level 4. HP: 17/36 MP: 4/4
  1420 | D:3      | Noticed Sigmund
  1427 | D:3      | HP: 1/36 [Sigmund/puff of flame (9)]
  1665 | D:2      | Reached skill level 3 in Dodging
  2398 | D:3      | Slain by a bullfrog skeleton

Skill      XL: |  1  2  3  4 |
---------------+-------------+-----
Maces & Flails | 2 |  2.2
Dodging        | 3 |  3.1
Fighting       | 2 |  2.0
Stealth        | |  2.4

Action                   |  1- 3 |  4- 6 || total
-------------------------+-------+-------++-------
Melee: Whip              |   135 |    64 ||   199
       Kick              |    22 |    10 ||    32
 Fire: Blowgun           |     4 |     2 ||     6
  Use: Scroll            |     1 |     4 ||     5
 Stab: Sleeping          |       |     1 ||     1
  Eat: Ration            |     1 |     1 ||     2
Armor: Robe              |    55 |    48 ||   103
Dodge: Dodged            |    77 |    48 ||   125
